 Dungeon Crawl Stone Soup version 0.25.1-2-g60ff931df9 (webtiles) character file.

Game seed: 4614970316234186691

249 Curus the Cleaver (level 5, 0/42 HPs)
             Began as a Minotaur Gladiator on Oct 22, 2020.
             Slain by an ogre
             ... wielding a +0 giant club
              (16 damage)
             ... on level 4 of the Dungeon.
             The game lasted 00:10:42 (3402 turns).

Curus the Cleaver (Minotaur Gladiator)              Turns: 3402, Time: 00:10:43

Health: 0/42       AC:  9    Str: 17 (18) XL:     5   Next: 87%
Magic:  4/4        EV:  7    Int:  3 (6)  God:
Gold:   210        SH:  3    Dex: 10 (12) Spells: 4/4 levels left

rFire    . . .     SeeInvis .   a - +0 war axe
rCold    . . .     Gourm    .   j - +0 buckler
rNeg     . . .     Faith    .   l - +0 chain mail (curse)
rPois    .         Spirit   .   c - +0 hat
rElec    .         Reflect  .   (no cloak)
rCorr    .         Harm     .   m - +0 pair of gloves
MR       .....                  (no boots)
Stlth    ..........             (no amulet)
HPRegen  0.14/turn              k - ring of flight
MPRegen  0.09/turn              (no ring)

@: no status effects
A: retaliatory headbutt, horns 2
a: Evoke Flight


You were on level 4 of the Dungeon.
You were not hungry.

You visited 1 branch of the dungeon, and saw 4 of its levels.

You collected 210 gold pieces.

Inventory:

Hand Weapons
 a - a +0 war axe (weapon)
Missiles
 d - 3 throwing nets (quivered)
Armour
 b - a +0 leather armour
 c - a +0 hat (worn)
 j - a +0 buckler (worn)
 l - a cursed +0 chain mail (worn)
 m - a +0 pair of gloves (worn)
Jewellery
 k - a ring of flight (left hand)
Scrolls
 e - 3 scrolls of identify
 g - 2 scrolls of magic mapping
 i - 3 scrolls of teleportation
Potions
 h - 3 potions of curing
 n - a potion of haste
Comestibles
 f - 6 rations


   Skills:
 - Level 2.4 Fighting
 + Level 8.0 Axes
 - Level 2.0 Throwing
 - Level 3.2 Dodging


You had 4 spell levels left.
You didn't know any spells.
Your spell library was empty.

Dungeon Overview and Level Annotations

Branches:
Dungeon (4/15)
 Temple: D:4-7

Altars:


Innate Abilities, Weirdness & Mutations

You reflexively headbutt those who attack you in melee.
You have a pair of horns on your head.


Message History

k - a knobbly diamond ring
k - a ring of flight (left hand) Done exploring.
Done exploring.
There is a stone staircase leading down here.
You climb downwards.
There is a stone staircase leading up here.
An ogre comes into view. It is wielding a +0 giant club.
The ogre shouts!
The ogre hits you with a +0 giant club!
You slash the ogre!
The ogre is heavily wounded.
The ogre hits you with a +0 giant club.
You slash the ogre!
The ogre is severely wounded.
The ogre hits you with a +0 giant club!
Your shield and chain mail prevent you from hitting the ogre.
The ogre is severely wounded.
The ogre hits you with a +0 giant club!
You die...

.#.########
......O@..#
.########.######
#.<....#
#............
......#########
####.. ##. #. #.


You could see an ogre.

Vanquished Creatures
  An ice beast (D:2)
  An orc wizard (D:3)
  5 adders
  An ooze (D:2)
  3 worms (D:2)
  A dart slug (D:1)
  4 leopard geckos
  6 orcs
  10 bats
  6 giant cockroaches
  2 goblins
  8 hobgoblins
  2 jackals (D:3)
  2 quokkas (D:3)
  2 frilled lizards
  3 kobolds
  A leopard gecko skeleton (D:3)
  8 rats
66 creatures vanquished.

Notes
Turn   | Place    | Note
-------+----------+-------------------------------------------
     0 | D:1      | Curus the Minotaur Gladiator began the quest for the Orb.
     0 | D:1      | Reached XP level 1. HP: 18/18 MP: 0/0
   160 | D:1      | Reached skill level 4 in Axes
   320 | D:1      | Reached XP level 2. HP: 25/25 MP: 1/1
   701 | D:2      | Reached skill level 5 in Axes
   704 | D:2      | Reached XP level 3. HP: 11/30 MP: 2/2
  1722 | D:2      | Reached skill level 6 in Axes
  1722 | D:2      | Reached XP level 4. HP: 20/37 MP: 3/3
  1997 | D:2      | Noticed an ice beast
  2009 | D:2      | Killed an ice beast
  2009 | D:2      | Reached skill level 7 in Axes
  2009 | D:2      | Reached XP level 5. HP: 10/42 MP: 4/4
  2960 | D:3      | Reached skill level 8 in Axes
  3397 | D:4      | Noticed an ogre
  3402 | D:4      | Slain by an ogre

Illustrated notes

Levels and vault maps discovered:
D:1:      grunt_arrival_crossed_arrows, layout_loops_ring
D:2:      layout_loops_ring, first_ration, serial_glass, glass_columns_a,
          glass_columns_a, item_on_display_a, item_on_display_a,
          minmay_strange_pillars, kennysheep_generic_room_7
D:3:      layout_loops_ring
D:4:      layout_rooms, uniq_natasha

Skill      XL: |  1  2  3  4  5 |
---------------+----------------+-----
Axes           | 4 5 6 7 8 |  8.0
Fighting       | |  2.4
Throwing       | |  2.0
Dodging        | |  3.2

Action                   |  1- 3 |  4- 6 || total
-------------------------+-------+-------++-------
Melee: War axe           |    96 |    74 ||   170
       Headbutt          |    11 |    12 ||    23
  Use: Scroll            |     6 |       ||     6
       Potion            |     3 |     1 ||     4
  Eat: Chunk             |     2 |     2 ||     4
       Ration            |       |     1 ||     1
Armor: Leather armour    |    24 |     6 ||    30
       Chain mail        |       |    28 ||    28
Dodge: Dodged            |    61 |    27 ||    88
Block: Buckler           |     3 |    13 ||    16
